Map: Ruins of Endion

Players

EmPiReS

  • Race: Terran Terran
  • League: Master

Miszu - Winner!

  • Race: Terran Terran
  • League: Master

VOD

Have the link to the VOD?

Description

Time

  • Played on: April 30, 2016, 6:17 p.m.
  • Length: 12:10
Show
View Real Time Build Order
Export as new Build Order

EmPiReS Terran 

Build Orders: Reaper Expand, MMM Bio 

Get SALT Encoding   

  12  0:03  SCV  
  13  0:15  SCV  
  13  0:21  Supply Depot  
  14  0:27  SCV  
  15  0:42  SCV  
  16  0:44  Barracks  
  16  0:45  Refinery  
  16  0:54  SCV  
  17  1:06  SCV  
  18  1:18  SCV  
  19  1:31  Orbital Command  
  19  1:32  Barracks Reactor  
  19  1:33  Reaper  
  20  1:48  Command Center  
  20  1:57  SCV  
  20  2:00  Supply Depot  
  21  2:08  Marine  
  22  2:09  SCV  
  22  2:15  Factory  
  23  2:21  Refinery  
  23  2:22  SCV  
  24  2:27  Marine  
  25  2:35  SCV  
  26  2:45  Bunker, Barracks Reactor  
  26  2:48  SCV  
  27  3:00  SCV, Orbital Command  
  27  3:04  Starport, Factory Tech Lab  
  28  3:12  SCV  
  29  3:22  Marine  
  29  3:23  Marine  
  29  3:24  SCV  
  29  3:26  Engineering Bay  
  32  3:27  SCV  
  32  3:32  Cyclone  
  36  3:36  SCV  
  37  3:48  SCV  
  37  3:49  Viking  
  37  3:52  Missile Turret  
  37  3:53  SCV  
  37  3:55  Missile Turret  
  41  3:58  Marine x2  
  40  4:11  SCV  
  40  4:12  SCV  
  40  4:16  Marine  
  41  4:18  Siege Tank  
  41  4:19  Marine  
  44  4:28  SCV  
  44  4:30  SCV  
  45  4:34  Marine  
  46  4:39  Supply Depot  
  46  4:43  Marine, SCV  
  46  4:44  Barracks  
  50  4:49  SCV  
  50  4:50  Barracks  
  50  4:55  SCV  
  45  5:01  SCV  
  45  5:03  Raven  
  48  5:08  SCV  
  48  5:12  Refinery  
  48  5:13  Refinery, SCV, Factory Tech Lab  
  50  5:16  Marine x2  
  50  5:20  SCV  
  53  5:25  SCV  
  54  5:32  SCV  
  54  5:34  Marine x2  
  56  5:37  SCV  
  56  5:44  SCV  
  56  5:49  SCV  
  57  5:51  Marine, Siege Tank  
  57  5:56  SCV  
  62  6:02  Supply Depot  
  62  6:03  Supply Depot, Starport Reactor  
  62  6:05  Stimpack  
  62  6:06  Marine, SCV  
  62  6:07  Marine  
  62  6:08  SCV  
  67  6:18  SCV  
  67  6:24  Command Center  
  67  6:26  SCV  
  67  6:31  Marine x2, SCV  
  72  6:33  Barracks Reactor  
  72  6:35  Siege Tank  
  72  6:38  SCV  
  75  6:41  Medivac x2  
  75  6:45  Marine  
  81  6:47  SCV  
  81  6:49  Marine  
  81  6:53  Supply Depot  
  81  6:54  SCV  
  83  6:55  Supply Depot, Terran Infantry Weapons Level 1  
  83  6:59  SCV  
  83  7:00  Marine  
  85  7:03  Marine  
  86  7:14  Marine, SCV x2  
  89  7:15  Supply Depot  
  89  7:16  Marine  
  89  7:17  Supply Depot  
  89  7:18  Marine  
  89  7:22  Marine x2  
  93  7:23  Siege Tank  
  93  7:26  SCV x2  
  98  7:38  SCV x2  
  98  7:39  Marine x2  
  102  7:44  Barracks  
  102  7:46  Barracks  
  102  7:51  SCV x2  
  95  8:02  Marine x2  
  95  8:03  SCV  
  95  8:04  Marine x3  
  89  8:09  Engineering Bay  
  89  8:10  Orbital Command, SCV, Armory  
  90  8:13  Siege Tank  
  90  8:14  Medivac x2  
  90  8:17  SCV  
  98  8:20  Supply Depot, Marine x2, Combat Shields  
  98  8:22  Marine  
  98  8:23  Marine  
  98  8:25  SCV  
  103  8:31  Marine  
  103  8:32  Barracks Reactor  
  103  8:33  Barracks Reactor  
  104  8:35  Orbital Command  
  104  8:37  Marine  
  104  8:38  Marine  
  106  8:42  Terran Infantry Armor Level 1  
  106  8:43  Medivac  
  106  8:44  Marine x2, Medivac  
  112  8:48  Siege Tank  
  112  8:52  Marine  
  116  8:55  Marine  
  116  8:56  Marine  
  116  9:02  Marine  
  118  9:05  SCV  
  118  9:07  SCV  
  118  9:08  SCV  
  118  9:09  Marine x2, Refinery  
  124  9:10  Marine  
  124  9:11  Marine  
  124  9:14  Refinery  
  124  9:16  Marine  
  124  9:17  SCV  
  128  9:19  Marine  
  128  9:21  Siege Tank  
  132  9:27  Marine  
  132  9:31  Marine x2  
  132  9:32  Marine x3  
  132  9:33  Marine  
  132  9:35  Supply Depot, Marine  
  132  9:37  Supply Depot, Marine  
  132  9:38  Supply Depot  
  131  9:49  Marine x3  
  131  9:50  Marine  
  132  9:53  Marine  
  132  9:55  Marine  
  98  10:23  Orbital Command  
  65  11:06  Barracks  
  65  11:07  Barracks x3  
  65  11:09  Barracks  
  65  11:11  Barracks  
  62  11:47  Supply Depot x2  
  62  11:48  Supply Depot x2  
  62  11:49  Supply Depot  
  62  11:50  Supply Depot  
  62  11:51  Supply Depot  
  58  11:56  Supply Depot  
Show
View Real Time Build Order
Export as new Build Order

Miszu Terran - Winner!

Build Orders: 1/1/1, Bio Tank, Banshee Rush 

Get SALT Encoding   

  12  0:01  SCV  
  13  0:13  SCV  
  14  0:17  Supply Depot  
  14  0:26  SCV  
  15  0:39  Refinery, SCV  
  16  0:51  SCV  
  16  0:55  Barracks  
  17  0:58  Refinery  
  17  1:03  SCV  
  18  1:15  SCV  
  19  1:27  SCV  
  20  1:39  SCV  
  21  1:43  Factory, Reaper  
  22  1:51  Orbital Command  
  22  2:01  Supply Depot  
  22  2:16  Reaper  
  24  2:22  SCV  
  24  2:27  Starport  
  24  2:29  Hellion  
  26  2:35  Supply Depot, SCV  
  27  2:47  SCV  
  27  2:48  Reaper  
  27  2:50  Hellion  
  31  3:04  Medivac  
  33  3:12  Hellion  
  35  3:20  Barracks Tech Lab  
  35  3:24  Supply Depot  
  35  3:28  Command Center  
  35  3:41  SCV  
  35  3:45  Cloaking Field, Banshee  
  39  3:59  SCV  
  39  4:00  Barracks Reactor, Factory Tech Lab  
  36  4:19  SCV  
  37  4:30  Banshee  
  36  4:31  SCV  
  36  4:33  Command Center  
  34  4:43  SCV  
  34  4:44  Orbital Command  
  35  4:56  SCV  
  36  5:02  Barracks  
  36  5:03  Barracks  
  33  5:08  SCV  
  33  5:09  Siege Tank  
  33  5:10  SCV  
  38  5:20  SCV  
  39  5:22  SCV  
  39  5:28  Starport Reactor, Marine  
  41  5:32  SCV  
  41  5:34  SCV  
  43  5:44  SCV  
  43  5:46  SCV  
  43  5:47  Marine x2  
  45  5:52  Barracks Tech Lab, Orbital Command  
  45  5:55  Refinery  
  45  5:56  Refinery, Siege Tank, SCV  
  48  5:59  Engineering Bay, SCV  
  48  6:00  Engineering Bay  
  48  6:04  Stimpack  
  49  6:05  Marine x3  
  49  6:08  SCV  
  49  6:11  SCV  
  54  6:13  Marine  
  55  6:20  SCV  
  55  6:22  Medivac x2  
  55  6:23  Marine x2, SCV  
  55  6:25  Combat Shields  
  63  6:32  Supply Depot, SCV  
  64  6:33  Terran Infantry Weapons Level 1  
  64  6:37  Orbital Command  
  64  6:38  Marine, Terran Infantry Armor Level 1  
  64  6:39  Marine  
  66  6:40  Marine x2  
  66  6:42  SCV  
  66  6:44  SCV  
  70  6:53  Barracks  
  70  6:55  Barracks  
  70  6:56  Marine x2  
  70  6:58  Marine x2  
  74  7:05  Medivac, Siege Tank  
  74  7:06  SCV  
  80  7:08  Supply Depot  
  80  7:12  Supply Depot  
  80  7:13  Medivac  
  80  7:14  Marine x2  
  82  7:17  SCV x2  
  82  7:18  SCV  
  85  7:30  Marine x2, SCV x2  
  85  7:31  Marine  
  85  7:32  Supply Depot, Sensor Tower  
  90  7:37  Supply Depot  
  90  7:40  Siege Tank  
  90  7:41  SCV  
  90  7:43  SCV  
  91  7:59  Marine  
  91  8:00  Marine  
  91  8:04  Marine x2  
  91  8:05  Medivac  
  98  8:06  Barracks Reactor x2  
  98  8:09  SCV x2  
  98  8:12  Siege Tank  
  101  8:13  Supply Depot  
  101  8:17  Marine  
  101  8:18  Marine, Armory  
  103  8:22  Marine  
  103  8:23  SCV x2  
  103  8:24  Refinery  
  103  8:25  Refinery  
  103  8:26  SCV  
  107  8:30  Marine  
  107  8:33  Medivac  
  110  8:35  Marine  
  110  8:36  SCV x2  
  113  8:41  SCV  
  113  8:44  Siege Tank  
  113  8:45  Sensor Tower  
  113  8:47  Supply Depot  
  113  8:48  SCV  
  118  8:49  Supply Depot, SCV  
  118  8:54  Marine x3  
  118  8:55  Marine  
  124  8:56  Marine  
  124  8:59  Marine  
  125  9:07  Factory  
  125  9:08  Marine, Medivac  
  128  9:18  Barracks  
  128  9:19  Barracks  
  128  9:20  Barracks  
  128  9:23  Marine  
  129  9:25  Marine x2  
  129  9:26  Siege Tank  
  129  9:30  Marine x5  
  139  9:43  Marine  
  141  9:53  Marine x2  
  141  9:55  Marine  
  134  10:00  Marine  
  131  10:11  Marine  
  130  10:16  Marine  
  130  10:17  Marine x2  
  130  10:20  Factory Tech Lab  
  104  10:47  Supply Depot, Marine x3, Siege Tank  
  98  11:04  Marine  
  98  11:05  Marine x2  
  100  11:22  Marine x3  
Tags
 
Add a new tag
Caveats
  • Supply blocks, unpowered buildings, or Contaminate may cause inaccurate times.
  • Supply counts are checked every 10 seconds.